 Dungeon Crawl Stone Soup version 0.29.1-2-gbd0b4ee654 (webtiles) character file.

Game seed: 752621767301738453

48 GorkyZ the Magician (level 4, -1/32 HPs)
             Began as a Djinni Air Elementalist on Nov 18, 2022.
             Slain by an adder (4 damage)
             ... on level 2 of the Dungeon.
             The game lasted 00:05:59 (2017 turns).

GorkyZ the Magician (Djinni Air Elementalist)       Turns: 2017, Time: 00:05:59

Health: -1/32      AC:  2    Str:  9    XL:     4   Next: 0%
Gold:   92         EV: 12    Int: 17    God:
                   SH:  0    Dex: 13

rFire   + + .      SeeInvis .   (no weapon)
rCold   x . .      Faith    .   (no shield)
rNeg    . . .      Spirit   .   a - +0 robe
rPois   ∞          Reflect  .   (no helmet)
rElec   .          Harm     .   (no cloak)
rCorr   .          Rampage  .   (no gloves)
Will    .....                   (boots unavailable)
Stlth   ++........              (no amulet)
HPRegen 0.10/turn               (no ring)
MPRegen 0.00/turn               (no ring)

@: flying
A: sickness immunity, fire resistance 2, cold vulnerability 1, float, innate
caster, HP casting, extra vitality 1
a: no special abilities


You were on level 2 of the Dungeon.
You visited 1 branch of the dungeon, and saw 2 of its levels.

You collected 92 gold pieces.

Inventory:

Armour
 a - a +0 robe (worn)
Scrolls
 b - a scroll of enchant armour {unknown}
 d - a scroll of noise {unknown}
 e - a scroll of immolation {unknown}
 h - a scroll of teleportation {unknown}
 i - a scroll of silence {unknown}
 k - a scroll of blinking {unknown}
Potions
 c - a potion of cancellation {unknown}
 f - a potion of lignification {unknown}
 g - a potion of brilliance {unknown}
 j - 3 potions of curing {unknown}


   Skills:
 + Level 1.1 Fighting
 + Level 2.9 Dodging
 - Level 1.8 Stealth
 * Level 3.0 Spellcasting


You couldn't memorise any spells.
You knew the following spells:

 Your Spells              Type           Power      Damage    Failure   Level
a - Shock                 Conj/Air       48%        1d6       4%          1
b - Static Discharge      Conj/Air       12%        3-5/arc   8%          2
c - Swiftness             Air            12%        N/A       16%         3
d - Airstrike             Air            6%         2d(1-17)  45%         4
e - Apportation           Tloc           24%        N/A       4%          1
Your spell library was empty.

Dungeon Overview and Level Annotations

Branches:
Dungeon (2/15)

Altars:

Shops:
D:2 [


Innate Abilities, Weirdness & Mutations

You are immune to sickness and miasma.
You are immune to poison.
Your flesh is very heat resistant. (rF++)
You are vulnerable to cold. (rC-)
You float through the air rather than walking.
You learn spells naturally, not from books.
Your magical power is your life essence.
You have superior vitality. (+4 MHP)


Message History

The rat attacks as you move away! The rat closely misses you.
The adder barely misses you. The rat attacks as you move away!
The rat misses you. The adder attacks as you move away! The adder misses you.
The adder closely misses you.
You are too injured to fight recklessly!
Okay, then.
Aiming: Shock (safe; 5% risk of failure)
Press: ? - help, Q - select action, (/) - cycle Shift-Dir - straight line, f/p - adder
Aim: an adder (severely wounded, 48% to hit)
The zap misses the adder.
The zap misses the rat.
The adder bites you.
Aiming: Shock (safe; 5% risk of failure)
Press: ? - help, Q - select action, (/) - cycle Shift-Dir - straight line, f/p - adder
Aim: an adder (severely wounded, 48% to hit)
The zap misses the adder.
The zap hits the rat.
You kill the rat!
* * * LOW HITPOINT WARNING * * *
The adder closely misses you.
You have reached level 4!
You feel clever.
Aiming: Shock (safe; 4% risk of failure)
Press: ? - help, Q - select action, (/) - cycle Shift-Dir - straight line, f/p - adder
Aim: an adder (severely wounded, 48% to hit)
The zap misses the adder.
* * * LOW HITPOINT WARNING * * *
The adder bites you.
* * * LOW HITPOINT WARNING * * *
The adder barely misses you.
You hit the adder but do no damage.
The adder is severely wounded.
The adder barely misses you.
You hit the adder but do no damage.
The adder is severely wounded.
The adder bites you.
* * * LOW HITPOINT WARNING * * *
You hit the adder but do no damage.
The adder is severely wounded.
The adder bites you.
You die...

≈≈≈.≈≈≈≈≈..# ...........#
≈≈≈.≈≈≈≈≈..# #≈.≈# #≈..#
######### #≈.≈# #≈..# #.[.......
##≈.≈###≈..# #.........
≈≈≈.≈≈≈≈≈..# #..>......
...........##.#########.........
≈≈≈.≈≈≈≈≈..##...@S..............
##≈.≈###≈...######..............
#≈.≈# #≈.......†>..>...........
##≈.≈###≈.#..#####........!.....
≈≈≈.≈≈≈≈≈.....# ##..............
..............###..###.#.###.#..
≈≈≈.≈≈≈≈≈.#........# #.#.# #
##≈.≈###≈.##.......###...# #≈.≈#
#≈.................. .#


You could see an adder.

Vanquished Creatures
  4 dart slugs (D:1)
  4 bats (D:1)
  2 endoplasms (D:1)
  A giant cockroach (D:1)
  3 goblins (D:1)
  7 hobgoblins
  4 jackals (D:1)
  3 kobolds (D:1)
  A quokka (D:1)
  2 ball pythons
  A frilled lizard (D:1)
  3 rats
35 creatures vanquished.

Notes
Turn   | Place    | Note
-------+----------+-------------------------------------------
     0 | D:1      | GorkyZ the Djinni Air Elementalist began the quest for the
                  | Orb.
     0 | D:1      | GorkyZ set off with the following spells memorised: Shock,
                  | Static Discharge, Swiftness, Airstrike.
     0 | D:1      | Reached XP level 1. HP: 15/15 MP: 0/0
   188 | D:1      | Reached XP level 2. HP: 13/21 MP: 0/0
   763 | D:1      | Reached XP level 3. HP: 7/26 MP: 0/0
   763 | D:1      | Learned a level 1 spell: Apportation
  1298 | D:1      | Reached skill level 1 in Fighting
  1586 | D:1      | Reached skill level 3 in Spellcasting
  1765 | D:1      | Found a faded altar of an unknown god.
  1959 | D:2      | Found Seudu's Antique Armour Boutique.
  2014 | D:2      | Reached XP level 4. HP: 9/32 MP: 0/0
  2017 | D:2      | Slain by an adder

Illustrated notes

Levels and vault maps discovered:
D:1:      lightli_arrival_statuegarden, layout_rooms,
          ebering_ecumenical_altar_ruins, serial_glass, glass_columns_a,
          glass_columns_c
D:2:      layout_rooms, basic_altar, serial_shops, shop,
          minmay_stone_trees_small, kennysheep_boxes

Skill      XL: |  1  2  3 |
---------------+----------+-----
Fighting       | 1 |  1.1
Spellcasting   | 3 |  3.0
Dodging        | |  2.9
Stealth        | |  1.8

Action                   |  1- 3 |  4- 6 || total
-------------------------+-------+-------++-------
Melee: Unarmed           |     4 |     3 ||     7
 Cast: Shock             |    86 |     1 ||    87
Armor: Robe              |     5 |       ||     5
Dodge: Dodged            |    24 |     2 ||    26
